 Dungeon Crawl Stone Soup version 0.26-a0-252-gb32a1a6195 (webtiles) character file.

Game seed: 3941083596474311181

79 BritishOli the Ducker (level 4, -2/34 HPs)
             Began as a Demonspawn Gladiator on July 9, 2020.
             Killed from afar by an orc wizard (10 damage)
             ... with a magic dart
             ... on level 3 of the Dungeon.
             The game lasted 00:01:56 (2064 turns).

BritishOli the Ducker (Demonspawn Gladiator)        Turns: 2064, Time: 00:01:57

Health: -2/34      AC:  6    Str: 15    XL:     4   Next: 16%
Magic:  4/4        EV: 13    Int: 10    God:
Gold:   178        SH:  0    Dex: 14    Spells: 3/3 levels left

rFire    . . .     SeeInvis .   a - +0 long sword
rCold    . . .     Faith    .   (no shield)
rNeg     . . .     Spirit   .   b - +0 leather armour
rPois    .         Reflect  .   c - +0 helmet
rElec    .         Harm     .   (no cloak)
rCorr    .                      (no gloves)
MR       .....                  (no boots)
Stlth    +.........             (no amulet)
HPRegen  0.11/turn              (no ring)
MPRegen  0.09/turn              (no ring)

@: no status effects
A: hooves 1, icy blue scales 1, demonic guardian 1
a: no special abilities


You were on level 3 of the Dungeon.
You were not hungry.

You visited 1 branch of the dungeon, and saw 3 of its levels.

You collected 178 gold pieces.

Inventory:

Hand Weapons
 a - a +0 long sword (weapon)
Missiles
 d - 3 throwing nets (quivered)
Armour
 b - a +0 leather armour (worn)
 c - a +0 helmet (worn)
Jewellery
 e - a +6 ring of dexterity {unknown}
 n - an uncursed ring of poison resistance {unknown}
Scrolls
 h - 2 scrolls of blinking {unknown}
 j - 2 scrolls of teleportation {unknown}
 l - a scroll of amnesia {unknown}
 m - a scroll of identify {unknown}
Potions
 g - a potion of degeneration {unknown}
 i - a potion of might {unknown}
 k - a potion of flight {unknown}
Comestibles
 f - 9 rations


   Skills:
 + Level 2.6 Fighting
 + Level 3.1 Long Blades
 + Level 2.3 Throwing
 + Level 1.2 Armour
 + Level 3.2 Dodging


You had 3 spell levels left.
You didn't know any spells.
Your spell library was empty.

Dungeon Overview and Level Annotations

Branches:
Dungeon (3/15)

Altars:
Hepliaklqana
Makhleb


Innate Abilities, Weirdness & Mutations

You have large cloven feet.
You are partially covered in icy blue scales. (AC +2)
A weak demonic guardian rushes to your aid.


Message History

Your ufetubus hits the orc priest.
The orc priest dies!
You have reached level 4!
You feel clever.
Your demonic ancestry asserts itself...
Your feet thicken and deform.
The orc wizard hits you but does no damage.
A rat comes into view.
Your ufetubus hits the orc wizard.
Your ufetubus hits the orc wizard but does no damage.
You closely miss the orc wizard. You kick the orc wizard.
The orc wizard is severely wounded.
Your ufetubus hits the orc wizard but does no damage.
Your ufetubus hits the orc wizard.
The orc wizard casts a cantrip, but nothing happens.
The orc hits you from afar with a +0 trident!
* * * LOW HITPOINT WARNING * * *
Your ufetubus hits the orc wizard. Your ufetubus misses the orc wizard.
The orc wizard gestures at you while chanting.
The magic dart hits you!
You die...

...........##
.##...........#
..............#
..............#
..............#
.............#
#.........#
#.@<.....#
#.o.....##
o...ro5....###
#.#######.?#
..# .... .##..
.# ##.


You could see an orc wizard, an orc, a rat and a friendly ufetubus (summoned).

Vanquished Creatures
  3 adders (D:2)
  A worm (D:2)
  A dart slug (D:2)
  4 bats (D:2)
  2 giant cockroaches (D:2)
  5 goblins (D:2)
  4 hobgoblins
  A quokka (D:2)
  2 frilled lizards (D:2)
  A kobold (D:1)
  7 rats
31 creatures vanquished.

Vanquished Creatures (collateral kills)
  An orc priest (D:3)
  An orc (D:3)
2 creatures vanquished.

Grand Total: 33 creatures vanquished

Notes
Turn   | Place    | Note
-------+----------+-------------------------------------------
     0 | D:1      | BritishOli the Demonspawn Gladiator began the quest for the
                  | Orb.
     0 | D:1      | Reached XP level 1. HP: 16/16 MP: 1/1
   901 | D:2      | Gained mutation: You are partially covered in icy blue
                  | scales. (AC +2) [demonic ancestry]
   901 | D:2      | Reached XP level 2. HP: 22/22 MP: 2/2
  1298 | D:2      | Gained mutation: A weak demonic guardian rushes to your
                  | aid. [demonic ancestry]
  1298 | D:2      | Reached XP level 3. HP: 26/28 MP: 3/3
  1345 | D:2      | Reached skill level 1 in Armour
  1963 | D:2      | Found a burning altar of Makhleb.
  1964 | D:2      | Found a hazy altar of Hepliaklqana.
  2063 | D:3      | Gained mutation: You have large cloven feet. [demonic
                  | ancestry]
  2063 | D:3      | Reached XP level 4. HP: 16/34 MP: 4/4
  2064 | D:3      | Killed from afar by an orc wizard

Illustrated notes

Levels and vault maps discovered:
D:1:      dpeg_arrival_simpleton_a, layout_basic, serial_bayou_pond_e
D:2:      layout_basic, gammafunk_temple_overflow_statue
D:3:      layout_rooms, first_ration, uniq_terence, uniq_ijyb

Skill      XL: |  1  2  3 |
---------------+----------+-----
Throwing       | 2 |  2.3
Long Blades    | 3 |  3.1
Armour         | 1 |  1.2
Dodging        | 3 |  3.2
Fighting       | |  2.6

Action                   |  1- 3 |  4- 6 || total
-------------------------+-------+-------++-------
Melee: Long sword        |   103 |     1 ||   104
       Kick              |       |     1 ||     1
 Stab: Sleeping          |     2 |       ||     2
  Eat: Ration            |     1 |       ||     1
Armor: Leather armour    |    49 |     1 ||    50
Dodge: Dodged            |    86 |       ||    86
       Rpst.: Long sword |    30 |       ||    30

Table legend:
 A = Non-vault XP
 B = Vault XP
 C = Vault XP percentage of total XP
 D = Non-vault monster count
 E = Vault monster count
 F = Vault count percentage of total count
                 A         B        C        D         E       F
            +---------+---------+-------+---------+---------+-------
      Total |     113 |       0 |   0.0 |      33 |       0 |   0.0
            +---------+---------+-------+---------+---------+-------
        D:1 |       8 |       0 |   0.0 |       6 |       0 |   0.0
        D:2 |      80 |       0 |   0.0 |      25 |       0 |   0.0
        D:3 |      25 |       0 |   0.0 |       2 |       0 |   0.0
            +---------+---------+-------+---------+---------+-------
